 Dungeon Crawl Stone Soup version 0.21.1-1-g345015f (webtiles) character file.

270 kaesh the Skirmisher (level 6, -10/67 HPs)
             Began as an Ogre Monk on Feb 25, 2018.
             Mangled by Autsider's ghost (13 damage)
             ... on level 4 of the Dungeon.
             The game lasted 00:06:58 (2656 turns).

kaesh the Skirmisher (Ogre Monk)                    Turns: 2656, Time: 00:06:58

Health: -10/67     AC:  3    Str: 18    XL:     6   Next: 22%
Magic:  6/6        EV: 11    Int: 11    God:
Gold:   79         SH:  0    Dex: 11    Spells: 5/5 levels left

rFire    . . .     SeeInvis .   a - +0 mace
rCold    . . .     Gourm    .   (no shield)
rNeg     . . .     Faith    .   b - +0 robe
rPois    +         Spirit   .   (helmet restricted)
rElec    .         Reflect  .   (no cloak)
rCorr    .         Harm     .   (gloves unavailable)
MR       .....     Clarity  +   (boots unavailable)
Stlth    ++........             (no amulet)
HPRegen  0.21/turn              (no ring)
MPRegen  0.10/turn              (no ring)

@: no status effects
A: large, unfitting armour, clarity, mutation resistance 1, poison resistance,
tough skin 1
a: no special abilities


You were on level 4 of the Dungeon.
You were hungry.

You visited 1 branch of the dungeon, and saw 4 of its levels.

You collected 79 gold pieces.

Inventory:

Hand Weapons
 a - a +0 mace (weapon)
Armour
 b - a +0 robe (worn)
Scrolls
 i - a scroll of amnesia
 j - 3 scrolls of identify
 k - a scroll of teleportation
Potions
 e - 2 potions of agility
Books
 d - a book of Maledictions

   Spells                             Type                      Level
   a - Corona                         Hexes                        1
   b - Ensorcelled Hibernation        Hexes/Ice                    2
   c - Confuse                        Hexes                        3
   d - Tukima's Dance                 Hexes                        3
   e - Dazzling Spray                 Conjuration/Hexes            3
Comestibles
 c - 8 rations


   Skills:
 + Level 6.1 Fighting
 + Level 4.1 Maces & Flails
 + Level 4.1 Dodging
 - Level 1.4 Stealth


You had 5 spell levels left.
You didn't know any spells.

Dungeon Overview and Level Annotations

Branches:
Dungeon (4/15)
 Temple: D:4-7

Altars:
Ashenzari

Annotations:
D:4 Autsider's ghost, amateur HOFi


Innate Abilities, Weirdness & Mutations

You are too large for most types of armour.
You have tough skin. (AC +1)
You possess an exceptional clarity of mind.
You are somewhat resistant to further mutation.
Your system is resistant to poisons. (rPois)


Message History

* * * LOW HITPOINT WARNING * * *
You completely miss Autsider's ghost.
Autsider's ghost is moderately damaged.
Autsider's ghost barely misses you.
You hit Autsider's ghost but do no damage.
Autsider's ghost is moderately damaged.
Autsider's ghost closely misses you.
You barely miss Autsider's ghost.
Autsider's ghost is moderately damaged.
Autsider's ghost closely misses you.
You hit Autsider's ghost.
Autsider's ghost is moderately damaged.
Autsider's ghost misses you.
You hit Autsider's ghost but do no damage.
Autsider's ghost is moderately damaged.
Autsider's ghost misses you. Autsider's ghost closely misses you.
You hit Autsider's ghost but do no damage.
Autsider's ghost is moderately damaged.
Autsider's ghost hits you!
You die...

######### #.......#
#)#####.####
########.##.......#
#..W@....##.##.##.##
#.######<...##......
##### #.#
#....<...#.###
.....# #.#
########.# #
..≈...####.### .#
.≈.≈.........# .#
.≈..##.##W#.# .# .
#.##.#.# a.##.#.#


You could see Autsider's ghost.

Vanquished Creatures
  A scorpion (D:4)
  A howler monkey (D:4)
  A hound (D:2)
  2 worker ants (D:4)
  3 adders
  3 worms
  2 dart slugs
  2 orcs
  11 bats
  4 giant cockroaches
  6 hobgoblins
  2 jackals (D:2)
  A quokka (D:3)
  2 ball pythons (D:2)
  3 frilled lizards
  6 goblins
  11 kobolds
  8 rats
69 creatures vanquished.

Notes
Turn   | Place    | Note
-------+----------+-------------------------------------------
     0 | D:1      | kaesh the Ogre Monk began the quest for the Orb.
     0 | D:1      | Reached XP level 1. HP: 24/24 MP: 1/1
   209 | D:1      | Reached XP level 2. HP: 32/32 MP: 2/2
   606 | D:1      | Found a shattered altar of Ashenzari.
   721 | D:1      | Reached XP level 3. HP: 37/40 MP: 3/3
  1006 | D:2      | Reached XP level 4. HP: 34/49 MP: 4/4
  1209 | D:2      | Reached skill level 5 in Fighting
  1840 | D:3      | Gained mutation: You possess an exceptional clarity of mind. [potion of mutation]
  1840 | D:3      | Gained mutation: Your system is resistant to poisons. (rPois) [potion of mutation]
  1840 | D:3      | Gained mutation: You are somewhat resistant to further mutation. [potion of mutation]
  1901 | D:3      | Reached XP level 5. HP: 57/57 MP: 5/5
  2335 | D:4      | Reached XP level 6. HP: 28/67 MP: 6/6
  2396 | D:4      | Reached skill level 6 in Fighting
  2580 | D:4      | Noticed Autsider's ghost (amateur HOFi)
  2650 | D:4      | HP: 2/67 [Autsider's ghost (8)]
  2656 | D:4      | Mangled by Autsider's ghost

Skill      XL: |  1  2  3  4  5  6 |
---------------+-------------------+-----
Dodging        | 3 4 |  4.1
Maces & Flails | 3 4 |  4.1
Fighting       | 5 6 |  6.1
Stealth        | |  1.4

Action                   |  1- 3 |  4- 6 || total
-------------------------+-------+-------++-------
Melee: Mace              |   109 |   124 ||   233
  Use: Scroll            |     4 |     2 ||     6
       Potion            |     2 |     4 ||     6
 Stab: Sleeping          |     2 |       ||     2
  Eat: Chunk             |       |     5 ||     5
Armor: Robe              |    42 |    25 ||    67
Dodge: Dodged            |    70 |    79 ||   149
